[Event "*** Titled Tuesday Blitz"]
[Site "Chess.com"]
[Date "2020.11.03"]
[Round "4"]
[White "GameOverBro"]
[Black "Tocras"]
[Result "0-1"]
[WhiteElo "2527"]
[BlackElo "2794"]
[TimeControl "180+1"]
[EndTime "10:42:54 PST"]
[Termination "Tocras won by resignation"]

1. e4 c5 2. Ne2 Nc6 3. Nbc3 d6 4. g3 e5 5. d3 h5 6. h3 h4 7. g4 Nge7 8. f4 exf4 9. Nxf4 g5 10. Nh5 Ng6 11. Nd5 Be7 12. Bg2 Be6 13. O-O Nce5 14. c3 Bxd5 15. exd5 Qb6 16. Nf6+ Bxf6 17. Rxf6 O-O-O 18. Be4 Nf4 19. Kh2 Rde8 20. Qc2 Re7 21. Bxf4 gxf4 22. Rxf4 Rhe8 23. Raf1 c4 24. d4 Ng6 25.
Bf5+ Kb8 26. R4f2 Qb5 27. Bxg6 fxg6 28. Qxg6 Qxd5 29. Qf5 Qc6 30. g5 a6 31. g6 d5 32. Rg1 Ka7 33. g7 Qc7+ 34. Qf4 Rxg7 35. Qxc7 Rxc7 36. Rg4 Rh7 37. Rg5 Rd8 38. Kg2 Rd6 39.
Rff5 Rb6 40. Rxd5 Rxb2+ 41. Kf3 Rc2 42. Rh5 Rxc3+ 43. Kg4 Rg7+ 44. Kxh4 Rgg3 45. Rc5 Rxh3+ 46. Kg4 Rcg3+ 47. Kf4 Rxh5 48. Rxh5 Rg2 49. Ke4 Rxa2 50. Rc5 b5 51. d5 Rd2 52. Ke3 Rd3+ 53. Ke4 Kb6 54.
Rc6+ Kb7 55. Rc5 Rd1 56. Ke5 Kb6 57. Rc6+ Ka5 58. d6 Kb4 59. Ke6 c3 60. Rxa6 c2 61. Rc6 c1=Q 0-1

[Event "*** Titled Tuesday Blitz"]
[Site "Chess.com"]
[Date "2020.11.03"]
[Round "4"]
[White "orestn"]
[Black "Peng_Li-Min"]
[Result "1-0"]
[WhiteElo "2366"]
[BlackElo "2601"]
[TimeControl "180+1"]
[EndTime "10:42:54 PST"]
[Termination "orestn won by resignation"]

1. e4 Nc6 2. Nf3 d5 3. exd5 Qxd5 4. Nc3 Qh5 5. Be2 Bg4 6. Ne4 O-O-O 7. Ng3 Qa5 8. h3 Bxf3 9. Bxf3 Nd4 10. O-O Nxf3+ 11.
Qxf3 Nf6 12. d3 e6 13. Be3 Bc5 14. a3 Bxe3 15. Qxe3 Qb6 16. Qxb6 axb6 17. Rae1 b5 18. Ne4 Nxe4 19. Rxe4 c6 20. f4 g6 21. Kf2 h5 22.
h4 Rd5 23. g3 Rhd8 24. Rfe1 Kc7 25. Kf3 Rd4 26. Rxd4 Rxd4 27. Re5 Ra4 28. Re4 Kd6 29. Re5 b4 30. axb4 Ra2 31. c3 Rxb2 32. Re2 Rb1 33. Rc2 Rf1+ 34. Ke3 f6 35. Ke2 Rh1 36. Kf3 e5 37.
fxe5+ Kxe5 38. Re2+ Kd6 39. Rc2 g5 40. hxg5 fxg5 41.
Ke3 Rf1 42. Rh2 g4 43. Rxh5 Rf3+ 44. Kd4 Rxg3 45. Rh7 b6 46. Rh6+ Kc7 47. c4 c5+ 48. bxc5 bxc5+ 49. Kxc5 Rxd3 50. Rh7+ Kd8 51. Rg7 g3 52. Kc6 Kc8 53. Rg8+ Rd8 54. Rxg3 Rh8 55. Rg6 Kb8 56. Kb6 Kc8 57. c5 Rh1 58. Kc6 Kb8 59.
Rf6 Rc1 60. Rf8+ Ka7 61. Rc8 Rh1 62. Rd8 Rc1 63. Rd5 Kb8 64. Rh5 Rc2 65. Rd5 Rc1 66.
Kd6 Kc8 67. Rh5 Rd1+ 68. Kc6 Kb8 69. Rh8+ Ka7 70. Rc8 Rh1 71. Kd6 Kb7 72. Rc7+ Kb8 73. Re7 Rd1+ 74. Kc6 Rc1 75. Re2 Ka7 76. Rb2 Rc2 77.
Rxc2 Kb8 1-0

[Event "*** Titled Tuesday Blitz"]
[Site "Chess.com"]
[Date "2020.11.03"]
[Round "4"]
[White "PaulfromSPb"]
[Black "vladgoncharov"]
[Result "1-0"]
[WhiteElo "2712"]
[BlackElo "2488"]
[TimeControl "180+1"]
[EndTime "10:42:56 PST"]
[Termination "PaulfromSPb won on time"]

1. e4 e6 2. d4 d5 3. Nd2 Be7 4. Bd3 c5 5. exd5 Qxd5 6. Ngf3 cxd4 7. O-O Nc6 8. Be4 Qd8 9. Nb3 Nf6 10. Bxc6+ bxc6 11.
Nbxd4 Qc7 12. Qe2 O-O 13. Ne5 c5 14. Ndf3 h6 15. Bf4 Qb6 16. Nc4 Qa6 17. Nfe5 Bb7 18. Rad1 Rad8 19. h3 Rxd1 20. Rxd1 Qxa2 21. Qe1 Qa4 22.
Ra1 Qb5 23. Rxa7 Ra8 24. Qa1 Rxa7 25. Qxa7 Qa6 26. Qb8+ Bf8 27. b3 Bd5 28. Ne3 Qb7 29.
Qd8 Be4 30. f3 Nd5 31. Nd7 Nxf4 32. Nxf8 Qa8 33. Nxe6+ Qxd8 34. Nxd8 Ba8 35. Nc4 Ne2+ 36. Kf2 Nd4 37. Ne5 Bd5 38. c4 Be6 39. Nxe6 fxe6 40. Ke3 Nxb3 41. Nd3 Kf7 42. Ke4 Kf6 43. Ke3 Kf5 44. g4+ Kf6 45. f4 g5 46. Ne5 Ke7 47.
Nf3 Kf6 48. fxg5+ hxg5 49. Kd3 Na5 50. Nd2 Nb7 51. Ne4+ Ke5 52. Nxg5 Nd6 53. Nf3+ Kf4 54. Nd2 Kg3 55. Ne4+ Nxe4 56. Kxe4 Kxh3 57. g5 1-0

[Event "*** Titled Tuesday Blitz"]
[Site "Chess.com"]
[Date "2020.11.03"]
[Round "4"]
[White "andriipalchuk"]
[Black "Smile2005"]
[Result "1-0"]
[WhiteElo "2455"]
[BlackElo "2283"]
[TimeControl "180+1"]
[EndTime "10:42:56 PST"]
[Termination "andriipalchuk won by resignation"]

1. d4 Nf6 2. c4 g6 3. Nf3 Bg7 4. g3 O-O 5. Bg2 d6 6. O-O Nc6 7. Nc3 e5 8. dxe5 Nxe5 9. Nxe5 dxe5 10. Qxd8 Rxd8 11. Bg5 c6 12. Ne4 Nxe4 13. Bxd8 Be6 14. Bxe4 Rxd8 15. Rfd1 Rc8 16. Bd3 f5 17. e4 f4 18. Be2 Bf8 19. a3 Bc5 20. gxf4 exf4 21. b4 Be7 22. Rd2 c5 23. bxc5 Rxc5 24. Rb1 b6 25. Kg2 Ra5 26. Rbb2 g5 27. h3 Re5 28. Rb5 Bc5 29. f3 a6 30. Rb1 Be3 31. Rd8+ Kg7 32.
Rd6 Kf6 33. Rbxb6 Bxb6 34. Rxb6 Ra5 35. Kf2 Rxa3 36. c5 Rc3 37. c6 Rc2 38. Kf1 a5 39.
Ke1 Ke5 40. Rb5+ Kd4 41. Rxa5 Ke3 42. Ra3+ Kd4 43. Rd3+ Ke5 44. Bf1 Rxc6 45. Kf2 Rc2+ 46. Kg1 Bc4 47. Rd1 Bxf1 48. Rxf1 Kd4 49. Re1 Rc3 50. Kg2 Rc2+ 51. Kg1 Rc5 52. Kg2 h5 53. Kg1 Ke5 54. Kg2 Rc2+ 55. Kg1 Rc3 56. Kg2 Ra3 57.
Rd1 Ra2+ 58. Kg1 Ra5 59. Kg2 Rc5 60. Rd2 g4 61. hxg4 hxg4 62. fxg4 Kxe4 63. Re2+ Kd4 64. Kf3 Re5 65. Rd2+ Kc3 66. Rd8 Re7 67. Kxf4 Kc4 68. g5 Kc5 69. Kf5 Kc6 70. Rd1 1-0

[Event "*** Titled Tuesday Blitz"]
[Site "Chess.com"]
[Date "2020.11.03"]
[Round "4"]
[White "Ranindu2003"]
[Black "lucachess49"]
[Result "0-1"]
[WhiteElo "2579"]
[BlackElo "2365"]
[TimeControl "180+1"]
[EndTime "10:42:57 PST"]
[Termination "lucachess49 won by resignation"]

1. e4 e5 2. Nf3 Nc6 3. Bc4 Nf6 4. d3 Be7 5. O-O O-O 6. Re1 d6 7. a4 Na5 8. Ba2 c5 9. c3 Nc6 10. h3 a6 11. Na3 Re8 12. Nc4 Be6 13. Ng5 Bf8 14.
Nxe6 fxe6 15. Bg5 h6 16. Bh4 Qc7 17. Ne3 Qf7 18. Rf1 g5 19. Bg3 Rad8 20. h4 Ne7 21. Rb1 Ng6 22. hxg5 hxg5 23. b4 Nf4 24. Ng4 N6h5 25. bxc5 dxc5 26. Nxe5 Qg7 27. Ng4 Rxd3 28. Qc2 Red8 29. Rfd1 Qd7 30. Rxd3 Qxd3 31. Qb3 Nxg3 32. fxg3 Ne2+ 33. Kh1 Nxg3+ 34. Kh2 Re8 35. Nf6+ Kh8 36.
Nxe8 Nxe4 37. Qxe6 Qg3+ 38. Kh1 Qh4+ 39. Qh3 Nf2+ 40.
Kh2 Nxh3 41. gxh3 Qf4+ 42. Kg2 Qe4+ 43. Kf2 Qxe8 44. Re1 Qd8 45. Bb3 c4 46. Bc2 Bc5+ 47.
Kf3 Qd5+ 48. Be4 Qf7+ 49. Kg4 Qf4+ 50. Kh5 Bf2 51. Kg6 Bxe1 52. Bf5 Qd6+ 53. Kh5 Bd2 0-1

[Event "*** Titled Tuesday Blitz"]
[Site "Chess.com"]
[Date "2020.11.03"]
[Round "4"]
[White "doons21"]
[Black "Radzio1987"]
[Result "0-1"]
[WhiteElo "2591"]
[BlackElo "2812"]
[TimeControl "180+1"]
[EndTime "10:42:59 PST"]
[Termination "Radzio1987 won on time"]

1. e4 c6 2. d3 d5 3. Nd2 g6 4.
Ngf3 Bg7 5. g3 e5 6. Bg2 Ne7 7.
O-O O-O 8. Re1 d4 9. Nc4 Qc7 10.
a4 Be6 11. Ng5 Bxc4 12. dxc4 Nd7 13. f4 exf4 14. gxf4 Nc5 15. Ra3 h6 16. Nh3 Rad8 17.
Nf2 a5 18. Rg3 Nxa4 19. f5 Nc5 20. Ng4 h5 21. Nf2 Be5 22. Rh3 Kg7 23. Nd3 Nxd3 24. cxd3 b5 25. Rf1 bxc4 26. dxc4 Qd6 27. Bg5 f6 28.
Bd2 g5 29. Qxh5 Rh8 30. Qg4 Rxh3 31. Bxh3 Rh8 32. Bxg5 fxg5 33. Qxg5+ Kf8 34. Bg4 Qf6 35. Qxf6+ Bxf6 36. Ra1 d3 37. Rxa5 Bd4+ 38. Kg2 d2 39. Ra8+ Kg7 40. Rxh8 Kxh8 41. b4 Kg7 42. b5 cxb5 43.
cxb5 Kf6 44. Kf1 Nc8 45. Ke2 Bc3 46. Kd3 Ba5 47. Kc4 Ke5 48. Kc5 Nd6 49. b6 Nxe4+ 50. Kc6 Bb4 51. b7 Bd6 52. h4 Nf6 53. Bd1 Bb8 54.
h5 Kxf5 55. Kc5 Ke4 56. Kc4 Ke3 57. Kc3 Be5+ 58. Kc2 Ng8 59. Kb3 Kf2 0-1

[Event "*** Titled Tuesday Blitz"]
[Site "Chess.com"]
[Date "2020.11.03"]
[Round "4"]
[White "Flutaga"]
[Black "TST2014"]
[Result "0-1"]
[WhiteElo "1934"]
[BlackElo "2492"]
[TimeControl "180+1"]
[EndTime "10:42:59 PST"]
[Termination "TST2014 won on time"]

1. e4 c5 2. Nc3 Nc6 3. f4 g6 4. Nf3 Bg7 5. Bb5 Nd4 6. a4 e6 7. e5 a6 8. Bc4 d5 9. exd6 Qxd6 10. d3 Nf6 11. Ne4 Nxe4 12. dxe4 O-O 13. c3 Nxf3+ 14.
Qxf3 Qc6 15. a5 f5 16. e5 Qxf3 17. gxf3 Bd7 18. Be3 Kf7 19. Rd1 Rfd8 20. Bxc5 Rac8 21. Bb6 Rxc4 22. Bxd8 Bc6 23. Rd4 Rxd4 24. cxd4 Bxf3 25. Rf1 Bc6 26. Bb6 Bf8 27. Bc5 Bh6 28. Kd2 Bg7 29.
Kc3 Bh6 30. h4 Bg7 31. Bd6 Ke8 32. Kb4 Kd7 33. Kc5 Bh6 34. Kb6 Bg7 35. Bb4 Bh6 36. Bd2 Bf8 37. Rc1 Be7 38. Be1 Bd8+ 39. Kc5 Be7+ 40. Kc4 Bd5+ 41. Kd3 Be4+ 42. Ke3 Bc6 43. Bg3 Bd8 44. Be1 Be7 45. Rc2 Ba4 46. Rh2 Bd1 47.
Kf2 h5 48. Kg3 Ba4 49. Rd2 Bc6 50. Rd1 Bd8 51. Rc1 Be7 52. Bd2 Bf8 53. Bc3 Be7 54.
Kf2 Bf8 55. Rg1 Be7 56. Rxg6 Bxh4+ 57. Kf1 Be7 58. Rh6 h4 59. Kg1 Bf3 0-1

[Event "*** Titled Tuesday Blitz"]
[Site "Chess.com"]
[Date "2020.11.03"]
[Round "4"]
[White "szefru"]
[Black "Eliwood44"]
[Result "1/2-1/2"]
[WhiteElo "2284"]
[BlackElo "2443"]
[TimeControl "180+1"]
[EndTime "10:43:00 PST"]
[Termination "Game drawn - insufficient material"]

1. e4 e5 2. Nf3 Nc6 3. Bb5 a6 4.
Ba4 d6 5. O-O Bd7 6. c3 g6 7. d4 Bg7 8. d5 Nce7 9. Bxd7+ Qxd7 10. c4 h6 11. Be3 f5 12. exf5 gxf5 13. Nh4 Nf6 14. c5 O-O 15. Nc3 f4 16. cxd6 Qxd6 17. Bc1 Nfxd5 18. Ne4 Qc6 19. Bd2 Rad8 20. Rc1 Qb6 21. Qc2 c6 22. Nc5 Rd6 23. a3 Qc7 24. Bb4 a5 25. Bd2 b6 26. Ne4 Re6 27. b4 axb4 28. axb4 Nf6 29. Nxf6+ Rexf6 30. Qe4 Nc8 31. Bc3 Re6 32. Nf5 Nd6 33. Nxd6 Qxd6 34. Rfd1 Qe7 35.
Bb2 c5 36. bxc5 bxc5 37. Ba3 Rc8 38. h3 Kh8 39. Rd5 Rec6 40. Qc4 f3 41. Rxc5 Qg5 42.
g3 Rxc5 43. Bxc5 Bf8 44. Be3 Rxc4 45. Bxg5 Rxc1+ 46. Bxc1 Kg7 47. Bb2 Kf6 48. Kf1 Kf5 49.
Ke1 h5 50. Kd2 Ke4 51. Ke1 Bb4+ 52. Kf1 Bd6 53. h4 Kd3 54. Bc1 e4 55. Be3 Bxg3 56.
fxg3 Kxe3 57. g4 Kf4 58. gxh5 e3 59. h6 Kg3 60. h7 e2+ 61. Ke1 Kg2 62. h8=Q f2+ 63. Kxe2 f1=Q+ 64. Kd2 Qf2+ 65. Kd3 Kh3 66. h5 Kh4 67. h6 Kh5 68. h7 Kh6 69. Qg8 Qf5+ 70. Ke3 Qxh7 71. Qxh7+ Kxh7 1/2-1/2

[Event "*** Titled Tuesday Blitz"]
[Site "Chess.com"]
[Date "2020.11.03"]
[Round "4"]
[White "XDPS"]
[Black "BigAl"]
[Result "1-0"]
[WhiteElo "2663"]
[BlackElo "2472"]
[TimeControl "180+1"]
[EndTime "10:43:02 PST"]
[Termination "XDPS won by checkmate"]

1. e4 c6 2. Nf3 d5 3. Nc3 dxe4 4. Nxe4 Nf6 5. Qe2 Be6 6. Neg5 Bd5 7. c4 h6 8. Nh3 Be4 9. d3 Bh7 10. Bd2 e6 11. Bc3 Nbd7 12. Nf4 a5 13. a3 Bd6 14. g3 Qc7 15. Qe3 O-O-O 16. d4 Ng4 17. Qc1 e5 18. Ne2 e4 19. Nh4 e3 20. fxe3 Rhe8 21.
Ng2 Be4 22. Bd2 g5 23. Qc3 a4 24.
c5 Bf8 25. h3 Ngf6 26. Qa5 Nd5 27. Qxc7+ Kxc7 28. Kf2 Ra8 29. Nc3 N7f6 30. Nxd5+ Bxd5 31. Be1 Ne4+ 32. Kg1 f5 33. Rh2 Bg7 34. Bd3 Re7 35.
Rd1 Rae8 36. Ba5+ Kc8 37. Be1 Bf6 38. h4 Rg7 39. hxg5 hxg5 40. Rh6 Bd8 41. Bc2 Bc7 42. Kh2 f4 43. exf4 gxf4 44. Nxf4 Rf8 45. Bxe4 Bxe4 46. Bd2 Rfg8 47. Rg1 Rg4 48. Be3 Bf5 49. Rh4 R4g7 50. Rh5 Bg4 51. Rh4 Bd8 52. Rh6 Bf3 53. Rh3 Be4 54.
Ne6 Rg6 55. Nf4 Rg4 56. Bf2 Bf3 57. Re1 Be4 58. Rxe4 R4g5 59. Ne6 R5g6 60. Be3 Rh8 61. Rxh8 Rg7 62. Rxd8# 1-0

[Event "*** Titled Tuesday Blitz"]
[Site "Chess.com"]
[Date "2020.11.03"]
[Round "4"]
[White "Chessbard1972"]
[Black "Ariadna_Atreides"]
[Result "0-1"]
[WhiteElo "2282"]
[BlackElo "2115"]
[TimeControl "180+1"]
[EndTime "10:43:02 PST"]
[Termination "Ariadna_Atreides won by checkmate"]

1. e4 c5 2. d4 d6 3. c3 Nf6 4. Bd3 b6 5. Nf3 Bb7 6. Qe2 e6 7. O-O Be7 8. a4 O-O 9. Bf4 Nfd7 10. Nbd2 Nc6 11. h3 Rc8 12. Rfe1 cxd4 13. cxd4 Nb4 14.
Bb1 Nc2 15. Bxc2 Rxc2 16. Qd3 Qc7 17. Rab1 Rc8 18. Nf1 e5 19. Be3 exd4 20. Bxd4 Ne5 21. Nxe5 dxe5 22. Bc3 Rxc3 23. bxc3 Qxc3 24. Qd7 Qc7 25.
Rbd1 Bc6 26. Qxc7 Rxc7 27. Rc1 Bc5 28. a5 f6 29. axb6 axb6 30. Ng3 Ba4 31. Nf5 Kf7 32. Ra1 b5 33. Rec1 Bb3 34. Kh2 Bc4 35. f3 g6 36. Ng3 Ke6 37. Ra6+ Ke7 38. h4 Be3 39.
Rca1 b4 40. Ra8 b3 41. Rb8 Bd4 42. Raa8 b2 43. h5 Bd3 44. hxg6 hxg6 45. Re8+ Kd6 46.
Red8+ Kc5 47. Rd5+ Kc4 48. Rb8 b1=Q 49. Rxb1 Bxb1 50.
Rd6 Bc5 51. Rxf6 Rh7+ 52. Nh5 Rxh5+ 53. Kg3 Rg5+ 54. Kh4 Be3 55. g4 Kd3 56. Ra6 Ke2 57.
Ra3 Kxf3 58. Rxe3+ Kxe3 59. Kxg5 Bxe4 60. Kf6 Kf4 61. g5 Bf3 62. Ke6 e4 63. Kd6 e3 64. Kc5 e2 65. Kc4 e1=Q 66. Kd4 Qe3+ 67. Kc4 Qe4+ 68. Kc5 Qd5+ 69. Kb6 Ke4 70. Kc7 Kd4 71.
Kb6 Qc6+ 72. Ka7 Kc5 73. Kb8 Qb7# 0-1

[Event "*** Titled Tuesday Blitz"]
[Site "Chess.com"]
[Date "2020.11.03"]
[Round "4"]
[White "serhanberat_ozdemir"]
[Black "HouseOfDurin"]
[Result "1/2-1/2"]
[WhiteElo "2392"]
[BlackElo "2197"]
[TimeControl "180+1"]
[EndTime "10:43:03 PST"]
[Termination "Game drawn by repetition"]

1. Nf3 c5 2. g3 Nc6 3. Bg2 g6 4.
O-O Bg7 5. c3 e5 6. d4 cxd4 7.
cxd4 Nxd4 8. Nxd4 exd4 9. Na3 a6 10. Nc2 Qf6 11. h4 h6 12. Nb4 Ne7 13. Nd3 O-O 14. Bf4 Nc6 15. Qd2 Kh7 16. Rac1 Re8 17. Rfd1 Qe6 18.
Bf3 d6 19. Bxc6 bxc6 20. Rxc6 Bb7 21. Nc5 Qd5 22. Nxb7 Qxc6 23. Nxd6 Re7 24. Rc1 Qd5 25. b3 Qe6 26. Kf1 g5 27. hxg5 hxg5 28. Qd3+ Kg8 29. Qf3 Rd8 30. Nb7 Rxb7 31. Qxb7 gxf4 32. gxf4 Qh3+ 33. Qg2 Qxg2+ 34. Kxg2 Rd6 35. Rc8+ Kh7 36. Kf3 Kg6 37. Ke4 f5+ 38. Kd3 Bh6 39. Rg8+ Kf7 40. Rg3 Bxf4 41. Rf3 Be5 42. Rxf5+ Ke6 43. Rh5 Kd5 44.
f4 Re6 45. fxe5 Rxe5 46. Rxe5+ Kxe5 47. a4 Kd5 48. b4 Ke5 49. b5 axb5 50. axb5 Kd5 51. b6 Kc6 52. Kxd4 Kxb6 53. Kd5 Kc7 54. e4 Kd7 55. Ke5 Ke7 56. Kf5 Kf7 57. e5 Ke7 58.
e6 Ke8 59. Kf6 Kf8 60. Ke5 Ke7 61. Kd5 Ke8 62. Kd6 Kd8 63. Ke5 Ke7 64. Kf5 Ke8 65.
Kf6 Kf8 66. Ke5 Ke7 1/2-1/2

[Event "*** Titled Tuesday Blitz"]
[Site "Chess.com"]
[Date "2020.11.03"]
[Round "4"]
[White "MattyDPerrine"]
[Black "WiktoriaPOL"]
[Result "1-0"]
[WhiteElo "2384"]
[BlackElo "2089"]
[TimeControl "180+1"]
[EndTime "10:43:04 PST"]
[Termination "MattyDPerrine won by resignation"]

1. e4 c5 2. Nf3 g6 3. d4 cxd4 4. Qxd4 Nf6 5. Nc3 Nc6 6. Qa4 d6 7. e5 dxe5 8. Nxe5 Bg7 9. Bb5 O-O 10. Nxc6 bxc6 11. Bxc6 Rb8 12. O-O Qb6 13. Bf4 Ba6 14. Bxb8 Bxf1 15. Bxa7 Qxb2 16. Rxf1 Qxc3 17. Bd4 Qd2 18.
Bf3 Rc8 19. c3 Ne8 20. Qd7 Rb8 21. Rd1 Qxa2 22. Qxe7 Bf8 23. Qa7 Qxa7 24. Bxa7 Rc8 25. Bd4 Bg7 26. Kf1 Nc7 27. Bxg7 Kxg7 28. c4 Ne8 29.
Bd5 Nf6 30. Ke2 Nxd5 31. cxd5 Kf6 32. f4 Kf5 33. g3 Ke4 34. d6 Rd8 35. Rd2 Kf5 36.
Kf3 Ke6 37. Ke4 f5+ 38. Ke3 Rd7 39. Rd4 Rd8 40. Kd3 Rxd6 41. Rxd6+ Kxd6 42. Kd4 Ke6 43. Kc5 Ke7 44. Kd5 Kf6 45. Kd6 h6 46. h4 g5 47. h5 gxf4 48. gxf4 Kf7 49. Ke5 Ke7 50. Kxf5 Kf7 51. Ke5 Ke7 52. f5 Kf7 53. f6 Kf8 54. Kf5 Kf7 55. Ke5 Kf8 56. Ke6 Ke8 57. Ke5 Kf7 58. Kf5 Kf8 59. Kg6 Kg8 60. Kxh6 Kf7 61. Kg5 Kg8 62. Kg6 Kh8 63. h6 Kg8 64. Kf5 Kf7 65. Ke5 Kg6 66. Ke6 Kh7 67. f7 Kxh6 68. f8=Q+ Kg6 69. Qf7+ 1-0

[Event "*** Titled Tuesday Blitz"]
[Site "Chess.com"]
[Date "2020.11.03"]
[Round "4"]
[White "Goryachkina"]
[Black "Ze-Pequeno"]
[Result "1/2-1/2"]
[WhiteElo "2593"]
[BlackElo "2240"]
[TimeControl "180+1"]
[EndTime "10:43:05 PST"]
[Termination "Game drawn - insufficient material"]

1. e4 c5 2. Nf3 d6 3. c3 Nf6 4.
Be2 Bg4 5. h3 Bh5 6. Qb3 Qc7 7. O-O Nc6 8. d3 e6 9. Nbd2 Be7 10. Re1 O-O 11. Nf1 Rfe8 12. Ng3 Bg6 13. Bf4 Rad8 14. Rad1 a6 15. Nh4 Qc8 16. Nxg6 hxg6 17.
d4 d5 18. e5 Nd7 19. Be3 b5 20. Rd2 cxd4 21. Bxd4 Nxd4 22. cxd4 Nb6 23. Qd3 Bb4 24. Rc2 Qd7 25. Rec1 Rc8 26. h4 Rxc2 27. Rxc2 Rc8 28.
h5 Rxc2 29. Qxc2 gxh5 30. Nxh5 Qc8 31. Qxc8+ Nxc8 32. Kf1 Ne7 33. a4 bxa4 34. Bxa6 Nc6 35. Bb5 Nxd4 36. Bxa4 Kf8 37. Nf4 Ke7 38. Nd3 Ba5 39.
b4 Bb6 40. Ke1 f6 41. f4 Nf5 42. Ke2 Ne3 43. Kf3 Nc4 44. exf6+ gxf6 45. Bc6 Kd6 46.
b5 e5 47. fxe5+ fxe5 48. Nb4 e4+ 49. Kf4 Be3+ 50. Kf5 Bc5 51. Nxd5 e3 52. Nxe3 Nxe3+ 53. Kf4 Nc2 54. g4 Be3+ 55. Kf3 Bd4 56. g5 Nb4 57. Ke4 Nxc6 58. bxc6 Bh8 59. g6 Kxc6 60. g7 Bxg7 1/2-1/2

[Event "*** Titled Tuesday Blitz"]
[Site "Chess.com"]
[Date "2020.11.03"]
[Round "4"]
[White "vinniethepooh"]
[Black "RD4ever"]
[Result "0-1"]
[WhiteElo "2587"]
[BlackElo "2863"]
[TimeControl "180+1"]
[EndTime "10:43:06 PST"]
[Termination "RD4ever won on time"]

1. d4 d5 2. c4 e6 3. Nc3 c5 4. cxd5 exd5 5. Nf3 Nc6 6. g3 Nf6 7. Bg2 cxd4 8. Nxd4 Bc5 9. Nxc6 bxc6 10. O-O O-O 11. Na4 Bb6 12. Nxb6 axb6 13. Qc2 c5 14. Rd1 Bb7 15.
b3 Qe7 16. Bb2 Ne4 17. e3 h5 18. Qe2 Qg5 19. h4 Qf5 20. Qf3 Qg6 21. Qf4 Rfd8 22.
Kh2 Qg4 23. Bf3 Qxf4 24. gxf4 Nxf2 25. Rg1 Ng4+ 26. Bxg4 hxg4 27. Rxg4 d4 28. exd4 cxd4 29. Rag1 Rxa2 30. Rxg7+ Kf8 31. Rg8+ Ke7 32. Re1+ Kd7 33. Rxd8+ Kxd8 34. Re2 Kd7 35. Rd2 Ke6 36. h5 Be4 37. Rxd4 Rxb2+ 38. Kg3 f5 39. Rb4 Rg2+ 40. Kh4 Rg4+ 41.
Kh3 Bg2+ 42. Kh2 Be4 43. Rxb6+ Kd5 44. h6 Rxf4 45. Kg3 Rg4+ 46. Kf2 Rh4 47. Rf6 Ke5 48.
Rb6 Kf4 49. b4 Rh2+ 50. Kg1 Rh5 51. Kf2 Kg5 52. Ke3 Rxh6 53. Rb5 Rh3+ 54. Kd4 Kf4 55. Rb8 Rd3+ 56. Kc4 Ke3 57. b5 f4 58. b6 Rd1 59. b7 Rb1 0-1

[Event "*** Titled Tuesday Blitz"]
[Site "Chess.com"]
[Date "2020.11.03"]
[Round "4"]
[White "Nemsko"]
[Black "MartinZumsande"]
[Result "1/2-1/2"]
[WhiteElo "2382"]
[BlackElo "2579"]
[TimeControl "180+1"]
[EndTime "10:43:06 PST"]
[Termination "Game drawn - timeout vs insufficient material"]

1. e4 e6 2. d4 d5 3. Nc3 Nf6 4. e5 Nfd7 5. f4 c5 6. Nf3 a6 7. Be3 Qb6 8. Rb1 Nc6 9. Qd2 Qa7 10.
a4 cxd4 11. Nxd4 Nxd4 12. Bxd4 Bc5 13. Ne2 O-O 14. c3 f6 15. exf6 Bxd4 16. Qxd4 Nxf6 17. Qxa7 Rxa7 18. g3 Bd7 19. Ra1 a5 20. Nd4 b6 21.
Bd3 Re8 22. O-O Kf7 23. Rfe1 Rc7 24. Nf3 Bc8 25. Re2 Ke7 26. Rae1 Kd6 27. Nd4 Bd7 28. h3 h5 29. Bg6 Rg8 30. Bf7 Rf8 31. Bxe6 Ne4 32.
Bxd5 Nxg3 33. Re5 Rxf4 34. Bg2 Rc5 35. Re7 g5 36. Rg7 g4 37. Ree7 Rc7 38. Nb5+ Bxb5 39.
Rxc7 Ne2+ 40. Kh1 Bxa4 41. Rcf7 Rxf7 42. Rxf7 gxh3 43. Bxh3 Bb3 44. Rf6+ Kc5 45. Rf5+ Kc4 46. Rg5 Kd3 47. Bf1 Kd2 48. Rg2 Bd1 49. Kh2 Ke1 50.
Bxe2 Bxe2 51. Kh3 Kd1 52. Kh4 Kc1 53. Rxe2 Kb1 54. Kxh5 Ka2 55. Kg4 a4 56. Kf3 Kb3 57.
Ke3 a3 58. bxa3 Kxc3 59. Ke4 Kb3 60. Re3+ Ka4 61. Kd5 b5 62. Kc5 b4 63. Re4 Kxa3 64.
Rxb4 Ka2 65. Kc4 Ka3 66. Kc3 Ka2 67. Rb3 Ka1 68. Kc2 Ka2 69. Rb8 Ka3 70. Kc3 Ka4 71. Kc4 Ka5 72. Kc5 Ka6 73. Rb4 Ka7 1/2-1/2

[Event "*** Titled Tuesday Blitz"]
[Site "Chess.com"]
[Date "2020.11.03"]
[Round "4"]
[White "snowlord"]
[Black "ShahMatKanal"]
[Result "1-0"]
[WhiteElo "2738"]
[BlackElo "2508"]
[TimeControl "180+1"]
[EndTime "10:43:09 PST"]
[Termination "snowlord won by checkmate"]

1. e4 c6 2. d4 d5 3. e5 Bf5 4.
Nf3 e6 5. Be2 h6 6. O-O Ne7 7.
Nbd2 Nd7 8. Re1 Rc8 9. b4 Bh7 10. a4 Nf5 11. c3 Be7 12. Nf1 O-O 13. Bd3 b6 14. Qc2 Bg6 15. Ng3 Nxg3 16. Bxg6 fxg6 17.
hxg3 Qe8 18. Qd3 g5 19. g4 c5 20. b5 Rf7 21. Bd2 c4 22. Qc2 Nf8 23. Nh2 Bd8 24.
Nf1 Rb7 25. g3 Rf7 26. Kg2 g6 27. f4 h5 28. Nh2 Rcc7 29. Rh1 Nh7 30. Rag1 Rg7 31. Kf3 Rcf7 32. Ke2 Qf8 33. Bc1 gxf4 34. gxf4 Rxf4 35. Bxf4 Qxf4 36. Rf1 Qg3 37. Rfg1 Qf4 38.
Rg2 Bh4 39. Rf1 Qh6 40. Nf3 Be7 41. Qd2 g5 42. Rh1 h4 43. Rf1 Nf8 44. Rgf2 Ng6 45. Ng1 Nf4+ 46. Kd1 Qg6 47. Qc2 Nd3 48. Rf3 Qe4 49. Qg2 Ba3 50. Qe2 Qg6 51. Nh3 Bb2 52. Rf8+ Kh7 53. R1f6 Qe4 54. Qxe4+ dxe4 55. Ke2 Bxc3 56.
Ke3 Bb2 57. Kxe4 Nc5+ 58. dxc5 c3 59. Kd3 Rd7+ 60. Kc2 Rd2+ 61. Kb3 Ba1 62. Nxg5+ Kg7 63.
R8f7+ Kg8 64. Rg6+ Kh8 65. Rh7# 1-0

[Event "*** Titled Tuesday Blitz"]
[Site "Chess.com"]
[Date "2020.11.03"]
[Round "4"]
[White "norwaytoadog"]
[Black "Kapibara_Warri0r"]
[Result "0-1"]
[WhiteElo "2305"]
[BlackElo "2141"]
[TimeControl "180+1"]
[EndTime "10:43:10 PST"]
[Termination "Kapibara_Warri0r won on time"]

1. e4 e5 2. Nf3 Nc6 3. Bb5 a6 4. Ba4 Nf6 5. O-O Be7 6. Re1 b5 7. Bb3 O-O 8. h3 d5 9. exd5 Nxd5 10.
d3 Bb7 11. Nxe5 Nxe5 12. Rxe5 Nb6 13. Nd2 Bd6 14. Re1 c5 15. Ne4 Bxe4 16. Rxe4 c4 17. Qh5 cxb3 18. axb3 Qf6 19. Be3 Nd7 20. Bd4 Qg6 21.
Qd5 Nf6 22. Qxd6 Nxe4 23. Qxg6 hxg6 24. dxe4 Rfd8 25. c3 b4 26. Kf1 a5 27. Ke2 bxc3 28.
bxc3 Rdb8 29. Ra3 Ra6 30. Kd2 a4 31. b4 f6 32. Kd3 Kf7 33. Kc4 Ke6 34. b5 Ra5 35. b6 Kd6 36. Kb4 Raa8 37. c4 Kc6 38. Rxa4 Rxa4+ 39. Kxa4 Ra8+ 40. Kb3 Rd8 41. Kc3 Ra8 42. g4 Ra3+ 43. Kb4 Rxh3 44. g5 fxg5 45. Bxg7 Rf3 46. Bd4 Rf4 47. Be3 Rxe4 48. Bxg5 Kxb6 49. Be3+ Kc6 50. Bc5 g5 51. Be3 g4 52. Bc5 Re5 53. Bd4 Re4 54. Bc5 Re2 55. Bd4 Rd2 56.
Kc3 Re2 57. Kd3 Re8 58. Be3 Rd8+ 0-1

[Event "*** Titled Tuesday Blitz"]
[Site "Chess.com"]
[Date "2020.11.03"]
[Round "4"]
[White "kreonx"]
[Black "BegmuratovKh2010"]
[Result "0-1"]
[WhiteElo "2302"]
[BlackElo "2462"]
[TimeControl "180+1"]
[EndTime "10:43:11 PST"]
[Termination "BegmuratovKh2010 won by resignation"]

1. e4 e5 2. Nf3 Nc6 3. d4 exd4 4. Nxd4 d6 5. Nc3 Nf6 6. Nxc6 bxc6 7. Bd3 Be7 8. O-O O-O 9. h3 Re8 10. b3 Bf8 11.
Bb2 g6 12. Qf3 Bg7 13. Rfe1 Nd7 14. Na4 Ne5 15. Qg3 Qe7 16. f4 Nxd3 17. cxd3 Bxb2 18. Nxb2 f6 19. Nc4 a5 20. Kh2 a4 21. e5 fxe5 22.
fxe5 d5 23. Nd2 Bf5 24. d4 axb3 25. axb3 Qb4 26. Nf3 Rxa1 27. Rxa1 Qxb3 28. Qg5 Be4 29. Qf6 Bxf3 30. Qxf3 Qxf3 31. gxf3 c5 32. dxc5 Rxe5 33. Ra8+ Kg7 34. Rc8 Re7 35. Kg3 Kf6 36. Kf4 h5 37.
h4 Rd7 38. c6 Re7 39. Rd8 Ke6 40. Rg8 Rf7+ 41. Ke3 Rf6 42. Rg7 Kd6 43. f4 Kxc6 44.
Rg8 Kd6 45. Rd8+ Ke6 46. Re8+ Kd7 47. Rg8 Re6+ 48. Kd3 c5 49. Rg7+ Kd6 50. Rg8 c4+ 51. Kd4 Re4+ 52. Kc3 Rxf4 53. Rxg6+ Kc5 54. Rg5 Rxh4 55.
Kd2 Kd4 56. Rg8 c3+ 57. Ke1 Rh2 58. Rg2 Rxg2 0-1